 Dungeon Crawl Stone Soup version 0.22-a0-299-g43f9854 (webtiles) character file.

518654 PegasusDuck the Ogre Mage (level 25, -43/231 HPs)
             Began as an Ogre Wizard on Mar 25, 2018.
             Was the Champion of Ashenzari.
             Killed from afar by Frederick (62 damage)
             ... with an iron shot
             ... on level 5 of the Vaults.
             The game lasted 06:41:54 (91767 turns).

PegasusDuck the Ogre Mage (Ogre Wizard)            Turns: 91767, Time: 06:41:54

Health: -43/231    AC: 19    Str: 21    XL:     25   Next: 80%
Magic:  5/52       EV: 20    Int: 30    God:    Ashenzari [******]
Gold:   4698       SH: 23    Dex:  7    Spells: 24/74 levels left

rFire    + . .     SeeInvis +   b - staff of conjuration
rCold    . . .     Gourm    .   M - +4 large shield {AC+3} (curse)
rNeg     . . .     Faith    .   G - +5 steam dragon scales (curse)
rPois    .         Spirit   .   V - +2 hat (curse)
rElec    .         Reflect  .   W - +2 cloak (curse)
rCorr    .         Harm     .   (gloves unavailable)
MR       ++...     Clarity  +   (boots unavailable)
Stlth    +++.......             x - amulet of magic regeneration (curse)
HPRegen  0.48/turn              P - +5 ring of evasion (curse)
MPRegen  0.58/turn              S - ring "Jirphapt" {+Blink rF+ Str+3 Int+3} (curse)

@: tornado, marked, flying (expiring), studying Throwing, drained
A: large, unfitting armour, tough skin 1
}: 2/15 runes: barnacled, gossamer
a: Curse Item, Scrying, Transfer Knowledge, Renounce Religion, Evoke Blink


You were on level 5 of the Vaults.
You worshipped Ashenzari.
Ashenzari was exalted by your worship.
You were not hungry.

You visited 10 branches of the dungeon, and saw 46 of its levels.
You also visited: Labyrinth.

You collected 5534 gold pieces.
You spent 836 gold pieces at shops.

Inventory:

Hand Weapons
 a - the +9 staff of Wucad Mu {channel}
   (You took it off a deep elf sorcerer on level 3 of the Elven Halls)
Missiles
 Y - 108 large rocks (quivered)
Armour
 G - cursed +5 steam dragon scales (worn)
 M - a cursed +4 large shield of protection (worn)
 V - a cursed +2 hat (worn)
 W - a cursed +2 cloak (worn)
Magical Staves
 b - an uncursed staff of conjuration (weapon)
Jewellery
 g - an uncursed ring of positive energy
 j - the amulet of Gootae {Reflect rN+ SH+5}
   (You took it off a deep elf death mage on level 3 of the Elven Halls)

   [amulet of reflection]

   It shields you and reflects attacks.
   It protects you from negative energy.
   It affects your SH (+5).
 q - an uncursed ring of protection from cold
 u - the ring "Maysh" {MR+ AC+5}
   (You took it off a deep elf master archer on level 3 of the Elven Halls)

   [ring of protection]

   It affects your AC (+5).
   It affects your resistance to hostile enchantments.
 x - a cursed amulet of magic regeneration (around neck)
 J - an uncursed ring of protection from cold
 K - an uncursed ring of protection from fire
 P - a cursed +5 ring of evasion (left hand)
 R - the ring "Bicrugo" {MR+ MP+9 Str+3 Dex+3}
   (You found it on level 2 of the Depths)

   [ring of magical power]

   It affects your strength (+3).
   It affects your dexterity (+3).
   It affects your resistance to hostile enchantments.
   It affects your magic capacity (+9).
 S - the cursed ring "Jirphapt" (right hand) {+Blink rF+ Str+3 Int+3}
   (You took it off a minotaur in a labyrinth)

   [ring of intelligence]

   It affects your strength (+3).
   It affects your intelligence (+3).
   It protects you from fire.
   It lets you blink.
   It has a curse placed upon it.
Wands
 e - a wand of acid (38)
 i - a wand of paralysis (20)
 z - a wand of flame (90)
 B - a wand of disintegration (14)
 O - a wand of scattershot (7)
 U - a wand of iceblast (28)
 Z - a wand of digging (10)
Scrolls
 f - 9 scrolls of amnesia
 l - 22 scrolls of identify
 p - 17 scrolls of teleportation
 s - a scroll of summoning
 v - 4 scrolls of enchant armour
 w - a scroll of blinking
 A - 9 scrolls of magic mapping
 D - 3 scrolls of fear
 F - 8 scrolls of remove curse
 H - 10 scrolls of fog
 Q - a scroll of holy word
Potions
 h - 8 potions of ambrosia
 k - 9 potions of mutation
 n - 5 potions of might
 o - 3 potions of berserk rage
 r - 2 potions of heal wounds
 t - 6 potions of haste
 C - 16 potions of curing
 E - 3 potions of resistance
 I - 6 potions of flight
 N - 9 potions of lignification
 T - a potion of brilliance
Books
 X - a manual of Throwing
Miscellaneous
 y - a phantom mirror
 L - a phial of floods (inert)
Comestibles
 d - 74 rations


   Skills:
 - Level 10.2 Fighting
   Level 10.0 Maces & Flails
 - Level 0.1(6.8) Staves
 - Level 10.1(14.3) Dodging
 - Level 4.0(8.2) Stealth
 - Level 12.5(15.2) Shields
 + Level 25.1 Spellcasting
 - Level 10.1(14.4) Conjurations
 - Level 9.8(14.1) Hexes
   Level 0.8(3.1) Summonings
 - Level 0.8(3.1) Translocations
 - Level 23.9(26.9) Air Magic
 - Level 4.1(8.3) Poison Magic


You had 24 spell levels left.
You knew the following spells:

 Your Spells              Type           Power        Failure   Level  Hunger
a - Magic Dart            Conj           ####         0%          1    None
b - Slow                  Hex            #######.     0%          2    None
c - Mephitic Cloud        Conj/Pois/Air  ########     0%          3    None
d - Airstrike             Air            ########..   0%          4    None
e - Apportation           Tloc           ######       1%          1    None
f - Lightning Bolt        Conj/Air       ########..   0%          5    None
g - Darkness              Hex            #######...   1%          6    None
h - Blink                 Tloc           N/A          1%          2    None
i - Tornado               Air            ########..   2%          9    #####..
j - Silence               Hex/Air        ########..   0%          5    None
k - Bolt of Draining      Conj/Necr      #######...   1%          5    None
l - Orb of Destruction    Conj           ########..   1%          7    None


Dungeon Overview and Level Annotations

Branches:
Dungeon (15/15)            Temple (1/1) D:4            Lair (6/6) D:10
 Shoals (4/4) Lair:2       Spider (4/4) Lair:2        Slime (0/5) Lair:6
    Orc (2/2) D:12            Elf (3/3) Orc:2        Vaults (5/5) D:14
  Crypt (0/3) Vaults:2     Depths (5/5) D:15           Hell (1/1)
    Dis: Hell:1         Geh: Hell:1         Coc: Hell:1         Tar: Hell:1
    Zot: Depths:5

Altars:
Ashenzari
Cheibriados
Dithmenos
Elyvilon
Fedhas
Gozag
Hepliaklqana
Kikubaaqudgha
Makhleb
Nemelex Xobeh
Okawaru
Ru
Sif Muna
Trog
Uskayaw
Vehumet
Xom
Yredelemnul
Zin
The Shining One

Shops:
D:5 (   D:7 [   D:11 %   Orc:1 *[   Orc:2 [(?}   Elf:1 (   Vaults:3 (
Depths:1 *   Depths:4 !

Portals:
Hell: Depths:1 Depths:2 Depths:3 Depths:4
Abyss: Depths:4
Pandemonium: Depths:3
Ziggurat: Depths:3
Trove: Depths:2 (give horn of Geryon)

Annotations:
Elf:2 5 runed doors
Vaults:5 Frederick


Innate Abilities, Weirdness & Mutations

You are too large for most types of armour.
You have tough skin. (AC +1)


Message History

The air twists around and violently strikes you in flight!
The storm dragon moves out of view.
The crystal guardian fires a crystalline bolt at you.
The crystal bolt freezes you!
* * * LOW HITPOINT WARNING * * *
A redback comes into view.
There is an escape hatch in the ceiling here.
Items here: ( )) [[[
Okay, then.
Unknown command.
You kill the stone giant!
You kill the entropy weaver!
You kill the redback!
You destroy the crystal guardian!
The titan gestures at you while chanting.
The bolt of lightning hits you!
* * * LOW HITPOINT WARNING * * *
The ironheart preserver casts a spell.
The ironheart preserver is healed somewhat.
Frederick points at you and mumbles some strange words.
The iron shot hits you!
You die...

** * * *,,, ,, *, ,*
* * , ,*, #. #....#*
..# *,,,, , , ,
'##..#....# #... * *
, *
,,..§§§#§§§§##§.. ,
, ,,,, * * ,,
..§§§#§§§§#§§#, * *
* , ,,,,
,{.Ds§§§§§§§§§# ,,,
, ,,, * **
*#####§§§§§§§§#####
** * ,, ,,,,
...§s§§§§§§§§§.... ,
,, , , ,
,,...§§§§§@§§§W§....
, ,,, , ,,
,,...§§§§§§@§§§§....
,,, ,
,...§§§§§§§§§§§(...
, , * ****
#####§§§§p§§§##### *
** , ,,, ,
..§§§§§§§§§§§.+** **
,
,,,,..§§§#§§§§#§###
,, ** *** *
###..#....#'#,,, ,
,, ,* , , ,
....#C...##) , , ,**
* *.....#....# ..
,,,,,,,


You could see Frederick, an ironheart preserver, a titan, a storm dragon, a
phantasmal warrior, a tarantella and a redback.

Vanquished Creatures
  An ancient lich (Depths:3)
  A juggernaut (Depths:2)
  3 caustic shrikes (Depths:4)
  Geryon (Hell)
  Nikola (Shoals:4)
  2 golden dragons
  the Enchantress (Depths:1)
  Jory (Vaults:4)
  Arachne (Spider:4)
  Jorgrun (Shoals:3)
  Asterion (Vaults:2)
  2 liches
  A quicksilver dragon (Vaults:4)
  6 titans
  2 deep elf blademasters (Elf:3)
  2 deep elf master archers (Elf:3)
  A kraken (Shoals:4)
  A sphinx (Depths:3)
  5 tengu reavers
  Kirke (Shoals:4)
  6 shadow dragons
  Ilsuiw (Shoals:4)
  5 frost giants
  5 deep elf sorcerers
  7 fire giants
  2 orc warlords
  5 ghost moths
  16 vault wardens
  2 iron dragons
  3 deep elf elementalists
  A balrug (Hell)
  A juggernaut zombie (Hell)
  6 emperor scorpions
  Aizul (Spider:1)
  A caustic shrike zombie (Hell)
  15 ironheart preservers
  2 war gargoyles (Hell)
  5 spriggan defenders
  19 very ugly things
  2 reapers (Hell)
  18 stone giants
  8 deep elf demonologists
  8 entropy weavers
  6 deep elf annihilators
  A minotaur (Lab)
  Nessos (D:13)
  16 spark wasps
  A dire elephant (Lair:6)
  17 ettins
  2 blizzard demons
  Snorg (D:14)
  5 merfolk javelineers
  9 fire dragons
  A fire dragon (shapeshifter) (Depths:2)
  6 deep elf death magi
  A crystal guardian (Vaults:5)
  5 jiangshi (Depths:2)
  15 yaktaur captains
  Erolcha (D:13)
  4 great orbs of eyes
  14 merfolk impalers
  A deep elf high priest (Vaults:5)
  A monstrous demonspawn (Depths:3)
  3 rakshasas
  36 vault guards
  A quicksilver dragon skeleton (Hell)
  7 hydras
  9 ice dragons
  3 death knights
  4 spriggan air magi
  9 merfolk aquamancers
  46 two-headed ogres
  5 catoblepae
  4 merfolk avatars
  20 ogre magi
  11 dancing weapons
  3 death yaks
  6 centaur warriors
  12 deep troll earth magi
  8 death scarabs (Spider:4)
  A two-headed ogre (shapeshifter) (Depths:4)
  3 deep troll shamans
  A shock serpent (shapeshifter) (Vaults:1)
  5 vampire magi
  6 hell hogs (Hell)
  2 tengu warriors (Depths:2)
  6 spriggan berserkers
  Sonja (D:13)
  A sun demon (Hell)
  8 hell knights
  A fire crab (shapeshifter) (Depths:2)
  12 deep elf knights
  A shadow wraith (Vaults:1)
  4 soul eaters (Hell)
  A deep troll (shapeshifter) (Depths:4)
  A spark wasp zombie (Hell)
  4 iron trolls
  11 sea snakes
  17 deep trolls
  3 glowing orange brains
  A ghost moth zombie (Hell)
  4 unseen horrors
  An infernal demonspawn (Depths:3)
  A naga ritualist (Depths:1)
  19 deep elf archers
  6 wizards
  Pikel (D:5)
  2 spectral wolf spiders (Spider:3)
  A golden dragon skeleton (Hell)
  A lindwurm (Lair:6)
  A flayed ghost (Depths:2)
  7 orc knights
  14 ironbrand convokers
  3 phantasmal warriors
  3 wolf spider zombies (Spider:4)
  16 harpies
  An orb spider (shapeshifter) (Depths:2)
  A stone giant zombie (Vaults:2)
  A lindwurm (shapeshifter) (Elf:3)
  38 wolf spiders
  9 necromancers
  9 fauns
  15 orb spiders
  An anaconda skeleton (Hell)
  An orc sorcerer (Vaults:3)
  A frost giant zombie (Hell)
  56 deep elf magi
  2 oklob plants (Lair:6)
  12 cyclopes
  17 manticores
  16 merfolk sirens
  38 ugly things
  18 vault sentinels
  8 rust devils (Hell)
  Psyche (D:9)
  4 elephants (Lair:5)
  A black mamba (shapeshifter) (Depths:2)
  2 water nymphs (Shoals:2)
  2 moths of wrath (Spider:4)
  A guardian serpent (shapeshifter) (Depths:2)
  A smoke demon (Depths:3)
  2 torpor snails
  A gargoyle (D:14)
  A stone giant skeleton (Vaults:2)
  A torpor snail (shapeshifter) (Depths:2)
  8 black mambas
  16 spiny frogs
  A centaur skeleton (D:14)
  2 efreet
  43 yaktaurs
  7 freezing wraiths
  A hellion (Hell)
  12 rime drakes
  6 komodo dragons
  5 ice devils (Hell)
  12 demonic crawlers
  2 redback zombies (Spider:4)
  A komodo dragon (shapeshifter) (D:15)
  5 trolls
  5 tengu conjurers
  A hydra zombie (Hell)
  A queen bee (Lair:3)
  12 meliai
  2 spectral redbacks (Spider:4)
  3 red devils
  34 jumping spiders
  37 merfolk
  5 polar bears (Lair:1)
  The ghost of Amnesiac the Conjurer, an amateur DgWz (D:4)
  Prince Ribbit (D:4)
  2 blink frogs (shapeshifter) (Depths:2)
  A hydra skeleton (Hell)
  11 hornets
  5 spectral jumping spiders (Spider:4)
  5 spectral tarantellas
  3 jumping spider zombies (Spider:4)
  5 wind drakes
  A dream sheep (shapeshifter) (Depths:2)
  7 blink frogs
  25 slime creatures
  A hippogriff (shapeshifter) (D:15)
  10 hippogriffs
  3 tarantella zombies (Spider:4)
  An alligator zombie (Hell)
  3 air elementals
  10 snapping turtles
  A stone giant simulacrum (Vaults:3)
  A spriggan (shapeshifter) (D:15)
  3 wraiths
  20 water elementals
  3 wyverns
  84 redbacks
  2 shadows (D:13)
  47 yaks
  2 redbacks (shapeshifter) (Vaults:5)
  3 spriggans
  26 tarantellas
  2 vampires
  4 fire elementals
  A fire bat (shapeshifter) (Depths:2)
  A wyvern (shapeshifter) (Vaults:2)
  Eustachio (D:5)
  2 hogs (Shoals:4)
  A yak (shapeshifter) (Vaults:2)
  4 tarantellas (shapeshifter)
  A basilisk (shapeshifter) (Depths:2)
  11 steam dragons
  3 basilisks
  Grum (Lair:1)
  2 hungry ghosts (Lab)
  2 vampire mosquitoes (D:12)
  A swamp worm (shapeshifter) (Vaults:4)
  An acid dragon (D:11)
  A soldier ant (D:8)
  9 swamp worms (Spider:1)
  3 wargs
  A spiny frog zombie (Hell)
  11 water moccasins
  A merfolk zombie (Hell)
  13 porcupines
  2 floating eyes
  A spectral hornet (Spider:4)
  A spiny frog skeleton (Hell)
  7 ice beasts
  30 orc warriors
  5 black bears
  2 eyes of draining (shapeshifter)
  An eye of draining (D:14)
  7 sky beasts
  An ice dragon simulacrum (Vaults:1)
  3 slaves
  An elf zombie (Vaults:2)
  44 ogres
  3 necrophages
  6 phantoms
  2 boggarts (Depths:3)
  6 centaurs
  14 wolves
  A big kobold (shapeshifter) (Depths:3)
  A big kobold (D:8)
  11 crocodiles
  22 bullfrogs
  A bullfrog (shapeshifter) (Depths:2)
  A glowing shapeshifter simulacrum (Vaults:2)
  3 earth elementals
  2 wyvern skeletons
  6 scorpions
  A human simulacrum (Vaults:2)
  22 killer bees
  4 howler monkeys
  6 electric eels (D:9)
  17 crimson imps
  A bullfrog zombie (D:9)
  4 jellies
  5 bullfrog skeletons
  4 hounds
  22 orc priests
  4 centaur zombies
  An iguana (D:14)
  32 orc wizards
  Natasha (thrice) (D:4 D:3)
  13 worker ants
  A hound zombie (D:6)
  3 hound skeletons
  Robin (D:2)
  4 gnolls
  12 adders
  2 shadow imps
  2 white imps (D:11)
  An adder zombie (D:9)
  An adder skeleton (D:5)
  12 worms
  A dart slug (D:2)
  3 leopard geckos
  83 orcs
  8 giant cockroaches
  16 goblins
  13 hobgoblins
  15 jackals
  4 quokkas
  A ball python skeleton (D:6)
  2 bats (D:2)
  A frilled lizard (D:2)
  A jackal skeleton (D:8)
  15 kobolds
  11 rats
  3 fungi
  7 plants
  2 tentacles (Shoals:4)
2033 creatures vanquished.

Vanquished Creatures (collateral kills)
  A caustic shrike (Depths:4)
  A titan (Vaults:4)
  Polyphemus (Shoals:2)
  An ettin (Depths:4)
  An orc knight (Vaults:3)
  An orb spider (Spider:3)
  A merfolk (shapeshifter) (Depths:4)
  A jumping spider (Spider:2)
  A tarantella (Spider:2)
  3 redbacks
  A soldier ant (D:8)
  An orc warrior (Orc:1)
  4 killer bees (Lair:3)
18 creatures vanquished.

Vanquished Creatures (others)
  A deep elf annihilator (Depths:3)
  A vault guard (Vaults:5)
  A wolf spider (Spider:4)
  An orb spider (Spider:2)
  A redback (Spider:4)
  2 humans (Shoals:4)
  A fire dragon simulacrum (Hell)
  2 killer bees (Lair:3)
  16 fungi
  32 plants
  8 tentacles (Shoals:4)
66 creatures vanquished.

Grand Total: 2117 creatures vanquished

Notes
Turn   | Place    | Note
-------+----------+-------------------------------------------
     0 | D:1      | PegasusDuck the Ogre Wizard began the quest for the Orb.
     0 | D:1      | Reached XP level 1. HP: 16/16 MP: 5/5
   165 | D:1      | Reached skill level 1 in Conjurations
   248 | D:1      | Reached XP level 2. HP: 21/24 MP: 0/6
   765 | D:1      | Reached XP level 3. HP: 24/32 MP: 1/8
  1738 | D:1      | Learned a level 2 spell: Slow
  1789 | D:2      | Reached skill level 1 in Fighting
  2078 | D:2      | Reached skill level 4 in Spellcasting
  2078 | D:2      | Reached XP level 4. HP: 41/41 MP: 0/10
  2419 | D:2      | Noticed Robin
  3081 | D:2      | Killed Robin
  3373 | D:3      | Learned a level 3 spell: Mephitic Cloud
  3374 | D:3      | Found a basalt altar of Yredelemnul.
  3385 | D:3      | Found a glowing silver altar of Zin.
  3439 | D:3      | Found a shadowy altar of Dithmenos.
  3439 | D:3      | Found a white marble altar of Elyvilon.
  3440 | D:3      | Found a blossoming altar of Fedhas.
  3441 | D:3      | Found a shimmering altar of Xom.
  3442 | D:3      | Found a burning altar of Makhleb.
  3443 | D:3      | Found a hazy altar of Hepliaklqana.
  3477 | D:3      | Reached XP level 5. HP: 49/49 MP: 7/11
  3753 | D:3      | Noticed a phantom
  4417 | D:4      | Found a staircase to the Ecumenical Temple.
  4568 | D:3      | Killed a phantom
  4568 | D:3      | Reached XP level 6. HP: 39/57 MP: 0/12
  4667 | D:4      | Noticed Amnesiac's ghost (amateur DgWz)
  4945 | Temple   | Entered the Ecumenical Temple
  4954 | Temple   | Became a worshipper of Ashenzari the Shackled
  5506 | D:4      | Reached skill level 1 in Hexes
  5949 | D:4      | Reached XP level 7. HP: 63/65 MP: 1/13
  6157 | D:4      | Reached skill level 5 in Conjurations
  6286 | D:4      | Noticed Natasha
  6302 | D:4      | Killed Natasha
  6687 | D:5      | Entered Level 5 of the Dungeon
  6687 | D:5      | Noticed Prince Ribbit
  6726 | D:4      | Killed Prince Ribbit
  6726 | D:4      | Reached XP level 8. HP: 48/72 MP: 1/14
  7030 | D:5      | Reached skill level 5 in Hexes
  7219 | D:5      | Noticed Pikel
  7244 | D:4      | Noticed Natasha
  7256 | D:3      | Killed Natasha
  7353 | D:3      | Noticed Natasha
  7375 | D:3      | Killed Natasha
  7679 | D:5      | Reached skill level 1 in Air Magic
  7679 | D:5      | Reached skill level 1 in Poison Magic
  7777 | D:5      | Killed Pikel
  7939 | D:5      | Reached XP level 9. HP: 62/78 MP: 4/15
  8202 | D:5      | Reached * piety under Ashenzari
  8547 | D:5      | Found Melun's Antique Weapon Boutique.
  8566 | D:5      | Found a snail-covered altar of Cheibriados.
  8642 | D:5      | Noticed Eustachio
  8659 | D:5      | Killed Eustachio
  9302 | D:6      | Reached skill level 5 in Spellcasting
  9325 | D:6      | Noticed a two-headed ogre
  9767 | D:6      | Found an ancient bone altar of Kikubaaqudgha.
  9809 | D:6      | Killed a two-headed ogre
  9809 | D:6      | Reached skill level 5 in Fighting
  9809 | D:6      | Reached skill level 6 in Spellcasting
 10005 | D:6      | Reached ** piety under Ashenzari
 10274 | D:6      | Reached XP level 10. HP: 94/97 MP: 15/19
 10757 | D:7      | Reached skill level 7 in Spellcasting
 11591 | D:7      | Found Esileris's Antique Armour Shoppe.
 11599 | D:7      | Bought a creamy pearl robe for 142 gold pieces
 11599 | D:7      | Identified the +1 robe of the Serpent {rC++ MR+ SInv Stlth+} (You bought it in a shop on level 7 of the Dungeon)
 12070 | D:8      | Reached skill level 8 in Spellcasting
 12469 | D:8      | Reached *** piety under Ashenzari
 12756 | D:8      | Found a bloodstained altar of Trog.
 13054 | D:9      | Noticed Psyche
 13116 | D:9      | Killed Psyche
 13231 | D:9      | Found a shattered altar of Ashenzari.
 13400 | D:9      | Noticed a two-headed ogre
 13755 | D:9      | Killed a two-headed ogre
 13755 | D:9      | Reached skill level 9 in Spellcasting
 14102 | D:9      | Reached skill level 10 in Fighting
 14363 | D:9      | Reached XP level 11. HP: 117/117 MP: 13/24
 14739 | D:10     | Entered Level 10 of the Dungeon
 14935 | D:4      | Found a staircase to the Ecumenical Temple.
 15014 | D:4      | Killed Amnesiac's ghost
 15262 | D:10     | Reached skill level 10 in Spellcasting
 15518 | D:10     | Learned a level 4 spell: Airstrike
 15841 | D:10     | Found a staircase to the Lair.
 15875 | D:10     | Noticed a cyclops
 15896 | D:10     | Killed a cyclops
 16105 | Lair:1   | Entered Level 1 of the Lair of Beasts
 16735 | Lair:1   | Reached skill level 5 in Air Magic
 16872 | Lair:1   | Reached skill level 5 in Dodging
 17193 | Lair:1   | Noticed Grum
 17406 | Lair:1   | Reached skill level 11 in Spellcasting
 17420 | Lair:1   | Killed Grum
 18331 | Lair:2   | Reached **** piety under Ashenzari
 18348 | Lair:2   | Noticed a six-headed hydra
 18350 | Lair:2   | Noticed a four-headed hydra
 18695 | Lair:1   | Reached XP level 12. HP: 88/125 MP: 27/27
 20308 | Lair:2   | Learned a level 1 spell: Apportation
 20384 | Lair:2   | Killed a four-headed hydra
 20384 | Lair:2   | Reached skill level 12 in Spellcasting
 20826 | Lair:2   | Killed a six-headed hydra
 20958 | Lair:2   | Found a hole to the Spider Nest.
 21295 | Lair:2   | Found a staircase to the Shoals.
 22079 | Lair:3   | Reached XP level 13. HP: 118/132 MP: 8/29
 23140 | Lair:4   | Reached ***** piety under Ashenzari
 25045 | Lair:5   | Reached skill level 10 in Air Magic
 25084 | Lair:5   | Learned a level 5 spell: Lightning Bolt
 25125 | Lair:5   | Reached skill level 10 in Dodging
 25951 | Lair:6   | Entered Level 6 of the Lair of Beasts
 26745 | Lair:6   | Reached XP level 14. HP: 142/142 MP: 3/30
 26831 | Lair:6   | Reached skill level 1 in Maces & Flails
 26986 | Lair:6   | Found a staircase to the Slime Pits.
 27523 | Lair:6   | Noticed a dire elephant
 27979 | Lair:6   | Killed a dire elephant
 27979 | Lair:6   | Reached skill level 13 in Spellcasting
 28550 | Lair:6   | Found the +8 demon blade "Leech" {vamp, rN+ AC-3 EV-3}
 28790 | D:11     | Found a labyrinth entrance.
 28805 | Lab      | Entered a labyrinth
 28997 | Lab      | Identified the ring "Jirphapt" {+Blink rF+ Str+3 Int+3} (You took it off a minotaur in a labyrinth)
 29068 | Lab      | Identified Jaringet's Papyrus of Baldness
 29075 | Lab      | Identified Istras's Disquisition on Bewitchment
 29445 | D:11     | Found Abbe Suo's Food Shoppe.
 30459 | D:12     | Found a staircase to the Orcish Mines.
 30731 | D:12     | Reached ****** piety under Ashenzari
 31300 | Orc:1    | Entered Level 1 of the Orcish Mines
 31300 | Orc:1    | Found Oneutaf's Armour Emporium.
 31373 | Orc:1    | Noticed an orc warlord
 31477 | D:12     | Learned a level 6 spell: Darkness
 31790 | Orc:1    | Killed an orc warlord
 32092 | Orc:1    | Found Vyirysa's Assorted Antiques.
 32115 | Orc:1    | Bought a scroll of teleportation for 99 gold pieces
 32115 | Orc:1    | Bought a scroll of remove curse for 99 gold pieces
 32182 | Orc:2    | Entered Level 2 of the Orcish Mines
 32641 | Orc:2    | Reached XP level 15. HP: 127/148 MP: 27/32
 32891 | Orc:2    | Reached skill level 14 in Spellcasting
 33113 | Orc:2    | Found a staircase to the Elven Halls.
 33850 | Orc:2    | Found Plog's Antique Armour Boutique.
 33850 | Orc:2    | Found Dudghigu's Antique Weapon Emporium.
 33852 | Orc:2    | Found Tanuat's Magic Scroll Emporium.
 33852 | Orc:2    | Found Hobluitt's Gadget Shop.
 33861 | Orc:2    | Bought a scroll of summoning for 123 gold pieces
 33861 | Orc:2    | Bought a scroll of remove curse for 39 gold pieces
 34554 | D:13     | Noticed Erolcha
 34566 | D:13     | Noticed Nessos
 34921 | D:14     | Noticed Snorg
 34932 | D:14     | Killed Snorg
 35158 | D:14     | Found a gate to the Vaults.
 35342 | D:14     | Reached skill level 5 in Maces & Flails
 35557 | D:14     | Reached skill level 10 in Conjurations
 35769 | D:13     | Killed Erolcha
 35844 | D:13     | Reached skill level 15 in Spellcasting
 36294 | D:13     | Noticed Sonja
 36304 | D:13     | Killed Sonja
 36539 | D:13     | Killed Nessos
 36539 | D:13     | Reached XP level 16. HP: 101/157 MP: 1/35
 36984 | D:15     | Entered Level 15 of the Dungeon
 37408 | D:15     | Found a white marble altar of Elyvilon.
 38034 | D:15     | Found a staircase to the Depths.
 38227 | Spider:1 | Entered Level 1 of the Spider Nest
 38257 | Spider:1 | Identified a scroll of acquirement
 38316 | Spider:1 | Noticed Aizul
 38323 | Spider:1 | Killed Aizul
 42842 | Spider:3 | Reached XP level 17. HP: 113/165 MP: 11/36
 43046 | Spider:3 | Paralysed by a hornet for 3 turns
 44846 | Spider:4 | Entered Level 4 of the Spider Nest
 45518 | Spider:3 | Reached skill level 15 in Air Magic
 47225 | Spider:3 | HP: 8/166 [poisoned by a redback]
 47665 | Spider:3 | Learned a level 2 spell: Blink
 48238 | Spider:4 | Noticed Arachne
 48406 | Spider:4 | Learned a level 9 spell: Tornado
 48831 | Spider:4 | Killed Arachne
 49610 | Spider:4 | Reached XP level 18. HP: 153/175 MP: 14/37
 50282 | Spider:4 | Got a gossamer rune of Zot
 50525 | Shoals:1 | Entered Level 1 of the Shoals
 52187 | Shoals:2 | Noticed Polyphemus
 53978 | Shoals:2 | Killed Polyphemus
 56403 | Shoals:4 | Entered Level 4 of the Shoals
 56405 | Shoals:4 | Noticed Nikola
 56532 | Shoals:3 | Reached XP level 19. HP: 115/182 MP: 14/38
 57057 | Shoals:4 | Noticed Ilsuiw
 58034 | Vaults:1 | Entered Level 1 of the Vaults
 59786 | Vaults:1 | Learned a level 5 spell: Silence
 60938 | Vaults:2 | Noticed Asterion
 60948 | Vaults:2 | Killed Asterion
 63402 | Vaults:2 | Found a staircase to the Crypt.
 63564 | Vaults:2 | Reached XP level 20. HP: 125/191 MP: 24/39
 65230 | Vaults:2 | Identified the cursed amulet of Obsession {+Rage Dex+4} (You acquired it on level 2 of the Vaults)
 65640 | Vaults:3 | Found Efaa's Antique Weapon Emporium.
 66909 | Vaults:4 | Noticed Jory
 66928 | Vaults:4 | Killed Jory
 67029 | Vaults:4 | Reached skill level 16 in Spellcasting
 69305 | Vaults:4 | Reached skill level 17 in Spellcasting
 69366 | Vaults:4 | Reached XP level 21. HP: 169/198 MP: 27/42
 70460 | Shoals:4 | Noticed Jorgrun
 70478 | Shoals:3 | Killed Jorgrun
 71020 | Shoals:4 | Killed Nikola
 72091 | Shoals:4 | Identified the cursed +1 ring mail "Rezic" {MR+ MP+9} (You took it off a merfolk on level 4 of the Shoals)
 72250 | Shoals:4 | Killed Ilsuiw
 73340 | Shoals:4 | Noticed Kirke
 73347 | Shoals:4 | Killed Kirke
 73347 | Shoals:4 | Identified the ring "Emecay" {Wiz rC- rN+ Str+4} (You took it off Kirke on level 4 of the Shoals)
 73792 | Shoals:4 | Got a barnacled rune of Zot
 74144 | Depths:1 | Entered Level 1 of the Depths
 74811 | Depths:1 | Found a gateway to Hell.
 75539 | D:15     | Learned a level 5 spell: Bolt of Draining
 75552 | Depths:1 | Reached skill level 18 in Spellcasting
 75811 | Depths:1 | Identified the Disquisition on Feathery Ice (You acquired it on level 1 of the Depths)
 76102 | Depths:1 | Reached XP level 22. HP: 199/208 MP: 7/44
 76290 | Depths:1 | Noticed the Enchantress
 76479 | Depths:1 | Found Xoumuun's Serpentskin Sales.
 76627 | Depths:1 | Killed the Enchantress
 76627 | Depths:1 | Identified the +1 faerie dragon scales {rC++ rN++ rCorr HP+8 Int-3} (You took it off the Enchantress on level 1 of the Depths)
 78342 | Depths:2 | Identified the Disquisition on Twisted Battle Magic
 78456 | Depths:2 | Found a portal to a secret trove of treasure.
 78609 | Depths:2 | Reached skill level 10 in Maces & Flails
 78609 | Depths:2 | Reached skill level 19 in Spellcasting
 79073 | Depths:2 | Reached skill level 1 in Shields
 79707 | Depths:2 | Noticed a juggernaut
 79757 | Depths:2 | Noticed a golden dragon
 79825 | Depths:2 | Killed a juggernaut
 79875 | Depths:2 | Identified the ring "Bicrugo" {MR+ MP+9 Str+3 Dex+3}
 80010 | Depths:2 | Learned a level 7 spell: Orb of Destruction
 80520 | Hell     | Entered the Vestibule of Hell
 80520 | Hell     | Noticed Geryon
 80528 | Hell     | Killed Geryon
 80734 | Hell     | Reached skill level 5 in Shields
 80734 | Hell     | Reached XP level 23. HP: 119/214 MP: 18/46
 81636 | Depths:3 | Reached skill level 20 in Spellcasting
 81986 | Depths:3 | Found a one-way gate leading to the halls of Pandemonium.
 82118 | Depths:3 | Found a transporter.
 82120 | Depths:3 | Found a radiant altar of Vehumet.
 82123 | Depths:3 | Noticed an ancient lich
 82190 | Depths:3 | Found a gateway to a ziggurat.
 82830 | Depths:3 | Killed an ancient lich
 83049 | Depths:3 | Found a transporter.
 83401 | Depths:4 | Noticed a caustic shrike
 83401 | Depths:4 | Noticed a caustic shrike
 83405 | Depths:4 | Killed a caustic shrike
 83406 | Depths:4 | Noticed a caustic shrike
 83406 | Depths:4 | Noticed a caustic shrike
 83408 | Depths:4 | Killed a caustic shrike
 83409 | Depths:4 | Killed a caustic shrike
 83413 | Depths:4 | Killed a caustic shrike
 83966 | Depths:4 | Found Diqutzen's Distillery.
 83977 | Depths:4 | Bought a potion of curing for 39 gold pieces
 83977 | Depths:4 | Bought a potion of haste for 130 gold pieces
 83977 | Depths:4 | Bought a potion of curing for 39 gold pieces
 83999 | Depths:4 | Found a one-way gate to the infinite horrors of the Abyss.
 84023 | Depths:4 | Noticed a golden dragon
 84028 | Depths:4 | Killed a golden dragon
 84173 | Depths:4 | Reached XP level 24. HP: 223/223 MP: 20/47
 84550 | Depths:4 | Identified the Collected Works on Damage Dealing
 84996 | Depths:5 | Entered Level 5 of the Depths
 85539 | Orc:2    | Bought a glowing hat for 126 gold pieces
 85558 | Elf:1    | Entered Level 1 of the Elven Halls
 85577 | Elf:1    | Reached skill level 21 in Spellcasting
 86186 | Elf:1    | Identified the Grimoire of Damage Dealing
 86309 | Elf:1    | Found Keukkupt's Weapon Shop.
 86380 | Elf:1    | Identified the +0 buckler of the Accordion {rPois} (You took it off a vault guard on level 2 of the Depths)
 86770 | Elf:2    | Reached skill level 10 in Shields
 87205 | Elf:2    | Found a huge runed gate.
 87207 | Elf:2    | Found a huge runed gate.
 87207 | Elf:2    | Found a huge runed gate.
 87208 | Elf:2    | Found a huge runed gate.
 87208 | Elf:2    | Found a huge runed gate.
 87812 | Elf:3    | Entered Level 3 of the Elven Halls
 88448 | Elf:3    | Identified the amulet of Gootae {Reflect rN+ SH+5} (You took it off a deep elf death mage on level 3 of the Elven Halls)
 88778 | Elf:3    | Identified the +4 ring mail "Butaoj" {Int+4 Stlth-}
 88778 | Elf:3    | Found the +27 Lear's hauberk
 88796 | Elf:3    | Identified the Reference Book on Enthralling Creation
 88806 | Elf:3    | Found the +7 longbow "Piercer" {penet, EV-2}
 88931 | Elf:3    | Identified the ring "Maysh" {MR+ AC+5} (You took it off a deep elf master archer on level 3 of the Elven Halls)
 89051 | Elf:3    | Identified the cursed +0 buckler of Jigsaw {rF+ Int+3} (You took it off a deep elf sorcerer on level 3 of the Elven Halls)
 89826 | Vaults:5 | Entered Level 5 of the Vaults
 89830 | Vaults:5 | Reached skill level 22 in Spellcasting
 89830 | Vaults:5 | Reached XP level 25. HP: 211/231 MP: 36/49
 89944 | Vaults:4 | Reached skill level 23 in Spellcasting
 90624 | Vaults:4 | Reached skill level 24 in Spellcasting
 91756 | Vaults:5 | Reached skill level 25 in Spellcasting
 91761 | Vaults:5 | Noticed Frederick
 91767 | Vaults:5 | Killed from afar by Frederick

Vault maps used:
D:1:      dpeg_arrival_leaves_temple_mockup, roderic_roman_lattice
D:2:      uniq_robin
D:3:      minitemple, first_ration
D:4:      minmay_temple_entry_statues_pillars, minmay_misc_feat_diagonals,
          corner_web_ring, minmay_misc_feat_square, hangedman_decor_push,
          dk_rats_in_the_wall, uniq_natasha
D:5:      basic_altar, serial_shops, nicolae_shop_trees, uniq_eustachio,
          uniq_pikel, uniq_prince_ribbit1
D:6:      minmay_flawed_box, kiku_gazebo_garden_becter
D:7:      serial_shops, nicolae_shop_crystal
D:8:      hangedman_pestilent_swarm, trog_hazing_becter
D:9:      ashenzari_altar_1, uniq_psyche
D:10:     lair_entry_dummy
D:11:     serial_shops, nicolae_shop_crystal, lab_entry_generic,
          minmay_nine_imps
D:12:     erik_orc_4, evilmike_butchery
D:13:     kennysheep_potato, uniq_erolcha, uniq_nessos, uniq_sonja
D:14:     erik_vaults_1, uniq_snorg
D:15:     gammafunk_enter_depths_forms, elyvilon_altar_1, minmay_fountain_box,
          minivault_11
Temple:   cyrus_circular_temple
Lair:1:   beast_lair_carwin_large_1, st_stairs_9, uniq_grum
Lair:2:   elwin_shoals_entry_rooms, spider_nest_entry_funnel_web,
          bobbens_dragon_lair_wall
Lair:3:   special_room, st_stairs_3, beast_lair_carwin_1
Lair:4:   grunt_megastairs_2
Lair:6:   hangedman_lair_in_review, dpeg_slime_entry_corner,
          hibernation_bobbens, lemuel_fruit_tree, minmay_lair_oklob_chamber
Shoals:2: uniq_polyphemus
Shoals:3: nicolae_shoals_aquamancer_cove
Shoals:4: shoals_end_simple, shoals_ilsuiw_ice, uniq_nikola, uniq_jorgrun,
          uniq_kirke
Spider:1: spider_trap, worms_lemuel, uniq_aizul
Spider:4: floodkiller_spider_rune_tomb, special_room, uniq_arachne
Orc:1:    cheibrodos_orc_guarddog, serial_shops, shop, shop,
          nicolae_shop_temple_entry_statues_fountains, shop_fountains,
          minmay_orc_temple_b
Orc:2:    st_orc_ogre_mass
Elf:1:    serial_shops, shop_statue, minmay_elf_annihilation
Elf:3:    grunt_elf_hall_spiral
Vaults:1: vaults_room_fancy_cross, nicolae_vaults_asterisk, vaults_room_grid,
          nicolae_vaults_little_squares_6, vaults_dpeg_diagonal, v_rooms_6,
          v_misc_22, v_misc_25, hangedman_vaults_trim, grunt_vaults_twisty,
          vaults_mumra_minichess_inversion
Vaults:2: minmay_crypt_entry_simple_sparse, v_misc_15, v_rooms_6,
          nicolae_vaults_holding_cells, vaults_mumra_hexcomb,
          nicolae_vaults_circle_grid_b, vaults_room_corners, vaults_room_grid,
          vaults_room_semicircle, uniq_asterion
Vaults:3: ontoclasm_vaults_ring_large, v_alt_pattern_2,
          nicolae_vaults_network_quinsquares, hangedman_vaults_locks, v_rooms_4,
          vaults_room_grunt_arrival_ludios, hangedman_vaults_stretched_pinwheel,
          nicolae_vaults_three_branches, v_misc_22, serial_shops, shop
Vaults:4: hangedman_vaults_maws, dpeg_vaults_monster_row,
          nicolae_vaults_disjoint_gnomons, v_pattern_2, v_misc_15, v_misc_22,
          vaults_room_door_ring, v_misc_23, v_misc_23, ontoclasm_vaults_twist,
          uniq_jory
Vaults:5: uniq_frederick, uniq_mennas
Depths:1: minmay_textured_paths, hell_entry, corexii_leaking_fountain,
          guppyfry_shop_venom, firewood_loft, uniq_enchantress
Depths:2: vault_1, hell_entry, enter_trove_5, grunt_decor_resistance,
          infiniplex_staircase_spiral_double
Depths:3: gammafunk_sealed_library, enter_ziggurat_a,
          pf_vacation_house_of_asmodeus, rand_demon_pan_entry_7,
          minmay_strange_pillars, minmay_holes
Depths:4: grunt_twist_and_shout, hell_entry, serial_shops, shop, abyss_entry,
          serial_bayou_shore_b
Depths:5: evilmike_zot_entry_castle, grunt_hell_entry_dis_grunt, minivault_16
Lab:      nicolae_lab_dead_adventurers, nicolae_lab_plus, nicolae_lab_hexagon,
          labyrinth_skeletal_remains, nicolae_lab_big_swirl

Skill      XL: |  1  2  3  4  5  6  7  8  9 10 11 12 13 14 15 16 17 18 19 20 21 22 23 24 25 |
---------------+----------------------------------------------------------------------------+-----
Conjurations   | 1 2 4 5 6 8 10 | 10.1
Dodging        | 2 5 8 10 | 10.1
Fighting       | 1 2 5 10 | 10.2
Spellcasting   | 4 6 9 11 12 13 15 17 18 19 20 22 25 | 25.1
Stealth        | 2 4 |  4.0
Hexes          | 1 4 5 6 8 9 |  9.8
Air Magic      | 3 4 6 8 10 13 16 18 20 22 23 | 23.9
Poison Magic   | 3 4 |  4.1
Maces & Flails | 3 5 8 10 | 10.0
Shields        | 5 8 12 | 12.5
Staves         | |  0.1
Summonings     | |  0.8
Translocations | |  0.8

Action                   |  1- 3 |  4- 6 |  7- 9 | 10-12 | 13-15 | 16-18 | 19-21 | 22-24 | 25-27 || total
-------------------------+-------+-------+-------+-------+-------+-------+-------+-------+-------++-------
Melee: Unarmed           |    47 |     4 |       |       |       |       |       |       |       ||    51
       Whip              |       |    69 |       |       |       |       |       |       |       ||    69
       Dagger            |       |    11 |   116 |   310 |       |       |       |       |       ||   437
       Giant spiked club |       |       |    22 |    62 |   174 |       |       |       |       ||   258
       Giant club        |       |       |       |       |   281 |   452 |   184 |    51 |       ||   968
       Staff             |       |       |       |       |    16 |     5 |    13 |    31 |    19 ||    84
Throw: Large rock        |       |       |       |       |     1 |     6 |    21 |     2 |       ||    30
 Cast: Magic Dart        |   100 |   218 |   304 |   624 |    50 |     8 |     4 |     1 |       ||  1309
       Slow              |       |    14 |    27 |   118 |    64 |    51 |    49 |     9 |     2 ||   334
       Mephitic Cloud    |       |     1 |     7 |    88 |    63 |    76 |    28 |     5 |     1 ||   269
       Airstrike         |       |       |       |   133 |   525 |   695 |   181 |   150 |     2 ||  1686
       Lightning Bolt    |       |       |       |       |   107 |   214 |   598 |   302 |    24 ||  1245
       Darkness          |       |       |       |       |    12 |    35 |    44 |    14 |    13 ||   118
       Blink             |       |       |       |       |       |     2 |     7 |     3 |     1 ||    13
       Tornado           |       |       |       |       |       |     3 |     9 |    26 |    13 ||    51
       Silence           |       |       |       |       |       |       |     7 |     1 |       ||     8
       Bolt of Draining  |       |       |       |       |       |       |    14 |    86 |    22 ||   122
       Orb of Destructio |       |       |       |       |       |       |       |    29 |     8 ||    37
Invok: Curse Item        |       |     3 |       |     2 |     2 |     1 |       |       |       ||     8
       Scrying           |       |       |       |       |       |     1 |       |     2 |       ||     3
Evoke: Wand              |       |       |     4 |     9 |     3 |     2 |    10 |     3 |     2 ||    33
       Phial of floods   |       |       |       |       |     1 |     5 |     2 |     3 |     1 ||    12
  Use: Scroll            |       |     4 |    11 |    14 |    11 |     8 |     9 |     8 |     3 ||    68
       Potion            |       |     1 |     2 |       |       |     7 |     5 |     7 |     4 ||    26
 Stab: Sleeping          |       |     1 |       |     1 |       |       |       |       |       ||     2
       Distracted        |       |     1 |       |       |       |       |     1 |       |       ||     2
       Paralysed         |       |       |     8 |       |       |       |       |       |       ||     8
       Confused          |       |       |     1 |    20 |    14 |    12 |     6 |     2 |     1 ||    56
       Invisible         |       |       |       |       |       |     2 |       |       |       ||     2
  Eat: Ration            |     1 |     1 |     2 |     4 |     5 |    12 |     9 |     7 |     3 ||    44
       Chunk             |       |     8 |     7 |    25 |    40 |    33 |    36 |    31 |       ||   180
Armor: Robe              |    25 |    27 |    44 |   153 |       |       |       |       |       ||   249
       Steam dragon scal |       |       |       |     2 |   183 |   411 |   104 |    65 |    12 ||   777
Dodge: Dodged            |    43 |    65 |    67 |   270 |   540 |  1139 |   377 |   195 |    48 ||  2744
Block: Other             |       |       |     2 |       |       |       |       |       |       ||     2
       Large shield      |       |       |       |       |       |       |       |    61 |   107 ||   168

Table legend:
 A = Spawn XP
 B = Non-spawn XP
 C = Spawn XP percentage of total XP
 D = Spawn monster count
 E = Non-spawn monster count
 F = Spawn count percentage of total count
 G = Total turns spent on level
                    A         B        C        D         E        F      G
               +---------+---------+-------+---------+---------+-------+---------
         Total |       0 | 1078273 |   0.0 |       0 |    2043 |   0.0 | 91767
               +---------+---------+-------+---------+---------+-------+---------
           D:1 |       0 |      52 |   0.0 |       0 |      22 |   0.0 |  1849
           D:2 |       0 |      85 |   0.0 |       0 |      34 |   0.0 |  1585
           D:3 |       0 |     242 |   0.0 |       0 |      18 |   0.0 |  1398
           D:4 |       0 |    1252 |   0.0 |       0 |      27 |   0.0 |  2593
           D:5 |       0 |    1682 |   0.0 |       0 |      19 |   0.0 |  2194
           D:6 |       0 |    1669 |   0.0 |       0 |      26 |   0.0 |   997
           D:7 |       0 |     843 |   0.0 |       0 |      18 |   0.0 |  1322
           D:8 |       0 |    1165 |   0.0 |       0 |      33 |   0.0 |  1192
           D:9 |       0 |    2665 |   0.0 |       0 |      25 |   0.0 |  1996
          D:10 |       0 |    2378 |   0.0 |       0 |      21 |   0.0 |  1439
          D:11 |       0 |    3650 |   0.0 |       0 |      24 |   0.0 |   719
          D:12 |       0 |    8206 |   0.0 |       0 |      52 |   0.0 |  1832
          D:13 |       0 |   14129 |   0.0 |       0 |      42 |   0.0 |  1735
          D:14 |       0 |    9313 |   0.0 |       0 |      31 |   0.0 |  1326
          D:15 |       0 |   10442 |   0.0 |       0 |      31 |   0.0 |  1673
        Lair:1 |       0 |    7742 |   0.0 |       0 |      44 |   0.0 |  4128
        Lair:2 |       0 |   11376 |   0.0 |       0 |      44 |   0.0 |  2044
        Lair:3 |       0 |    5790 |   0.0 |       0 |      48 |   0.0 |  1282
        Lair:4 |       0 |    5608 |   0.0 |       0 |      26 |   0.0 |  1422
        Lair:5 |       0 |    6652 |   0.0 |       0 |      23 |   0.0 |  1524
        Lair:6 |       0 |   18955 |   0.0 |       0 |      43 |   0.0 |  2705
      Shoals:1 |       0 |   15788 |   0.0 |       0 |      31 |   0.0 |  2987
      Shoals:2 |       0 |   18785 |   0.0 |       0 |      34 |   0.0 |  1465
      Shoals:3 |       0 |   24926 |   0.0 |       0 |      42 |   0.0 |  4182
      Shoals:4 |       0 |   46410 |   0.0 |       0 |      70 |   0.0 |  2157
      Spider:1 |       0 |   20171 |   0.0 |       0 |      62 |   0.0 |  2900
      Spider:2 |       0 |   15651 |   0.0 |       0 |      39 |   0.0 |  1477
      Spider:3 |       0 |   32715 |   0.0 |       0 |      81 |   0.0 |  5426
      Spider:4 |       0 |   53442 |   0.0 |       0 |     111 |   0.0 |  2445
         Orc:1 |       0 |    3805 |   0.0 |       0 |      26 |   0.0 |  1182
         Orc:2 |       0 |   22006 |   0.0 |       0 |      82 |   0.0 |  1164
         Elf:1 |       0 |   18522 |   0.0 |       0 |      30 |   0.0 |  1416
         Elf:2 |       0 |   26240 |   0.0 |       0 |      46 |   0.0 |   869
         Elf:3 |       0 |   46011 |   0.0 |       0 |      37 |   0.0 |  1740
      Vaults:1 |       0 |   30666 |   0.0 |       0 |      47 |   0.0 |  2946
      Vaults:2 |       0 |   44294 |   0.0 |       0 |      68 |   0.0 |  3373
      Vaults:3 |       0 |   37422 |   0.0 |       0 |      59 |   0.0 |  3352
      Vaults:4 |       0 |   91564 |   0.0 |       0 |     106 |   0.0 |  4535
      Vaults:5 |       0 |  100861 |   0.0 |       0 |      94 |   0.0 |   108
      Depths:1 |       0 |   71640 |   0.0 |       0 |      81 |   0.0 |  2726
      Depths:2 |       0 |   73013 |   0.0 |       0 |      81 |   0.0 |  4236
      Depths:3 |       0 |   70019 |   0.0 |       0 |      67 |   0.0 |  1861
      Depths:4 |       0 |   50952 |   0.0 |       0 |      33 |   0.0 |  1884
      Depths:5 |       0 |    5458 |   0.0 |       0 |       5 |   0.0 |    30
          Hell |       0 |   42150 |   0.0 |       0 |      56 |   0.0 |    29
           Lab |       0 |    1866 |   0.0 |       0 |       4 |   0.0 |   300
               +---------+---------+-------+---------+---------+-------+---------
